 Dungeon Crawl Stone Soup version 0.23.0-3-gf3c87f2 (webtiles) character file.

Game seed: 9240048011756443385

980 Scud the Conjurer (level 8, 0/39 HPs)
             Began as a Vine Stalker Conjurer on Feb 20, 2019.
             Was an Initiate of Vehumet.
             Slain by Prince Ribbit (2 damage)
             ... on level 5 of the Dungeon.
             The game lasted 00:30:00 (5509 turns).

Scud the Conjurer (Vine Stalker Conjurer)           Turns: 5509, Time: 00:30:01

Health: 0/39       AC:  2    Str: 10    XL:     8   Next: 17%
Magic:  0/14       EV: 14    Int: 17    God:    Vehumet [......]
Gold:   240        SH:  0    Dex: 16    Spells: 11/14 levels left

rFire    . . .     SeeInvis .   b - +2 dagger (vamp)
rCold    . . .     Gourm    .   (no shield)
rNeg     + . .     Faith    .   a - +0 robe
rPois    .         Spirit   +   (no helmet)
rElec    .         Reflect  .   (no cloak)
rCorr    .         Harm     .   (no gloves)
MR       ++...                  (no boots)
Stlth    +++.......             (no amulet)
HPRegen  0.53/turn              g - ring of protection from magic
MPRegen  0.14/turn              m - ring of positive energy

@: no status effects
A: fangs 3, regeneration 1, magic shield, antimagic bite, no potion heal 3, rot
immunity
a: Renounce Religion


You were on level 5 of the Dungeon.
You worshipped Vehumet.
Vehumet was noncommittal.
You were not hungry.

You visited 2 branches of the dungeon, and saw 6 of its levels.

You collected 240 gold pieces.

Inventory:

Hand Weapons
 b - a +2 vampiric dagger (weapon)
Armour
 a - a +0 robe (worn)
Jewellery
 d - an uncursed ring of fire
 g - a ring of protection from magic (left hand)
 i - a +2 ring of strength
 m - a ring of positive energy (right hand)
 r - an uncursed ring of positive energy
Wands
 j - a wand of scattershot (3)
Scrolls
 e - a scroll of remove curse
 k - 3 scrolls of blinking
 l - 3 scrolls of identify
 q - a scroll of magic mapping {unknown}
Potions
 f - 3 potions of curing
 h - a potion of agility {unknown}
 n - a potion of berserk rage {unknown}
 o - a potion of heal wounds {unknown}
 s - a potion of degeneration {unknown}
 t - a potion of haste
Comestibles
 c - 8 rations


   Skills:
 + Level 2.7 Fighting
 + Level 3.1 Short Blades
 + Level 3.9 Dodging
 + Level 4.5 Stealth
 + Level 0.4 Unarmed Combat
 + Level 3.8 Spellcasting
 + Level 5.8 Conjurations


You had 11 spell levels left.
You knew the following spells:

 Your Spells              Type           Power        Failure   Level  Hunger
a - Magic Dart            Conj           ###.         1%          1    None
b - Searing Ray           Conj           ###...       2%          2    ##.....

Your spell library contained the following spells:

 Spells                   Type           Power        Failure   Level  Hunger
 Dazzling Spray           Conj/Hex       ##....       14%         3    ###....
 Iskenderun's Mystic Bla  Conj           ###.....     14%         4    ####...
 Force Lance              Conj/Tloc      ##......     43%         4    ####...
 Fulminant Prism          Conj/Hex       ##........   43%         4    ####...


Dungeon Overview and Level Annotations

Branches:
Dungeon (5/15)             Temple (1/1) D:4

Altars:
Ashenzari
Dithmenos
Nemelex Xobeh
Qazlal
Trog
Uskayaw
Vehumet
Wu Jian
The Shining One

Shops:
D:4 *(

Annotations:
D:5 Prince Ribbit


Innate Abilities, Weirdness & Mutations

You have razor-sharp teeth.
Your natural rate of healing is unusually fast.
When hurt, damage is shared between your health and your magic reserves.
Your bite disrupts and absorbs the magic of your enemies.
Potions cannot restore your health.
You are immune to rotting.


Message History

Prince Ribbit hits you but does no damage.
Prince Ribbit hits you!!
* * * LOW HITPOINT WARNING * * *
Prince Ribbit barely misses you.
Prince Ribbit blinks!
The gnoll hits you from afar with a +0 spear.
* * * LOW HITPOINT WARNING * * *
Prince Ribbit hops awkwardly around.
Prince Ribbit winks and puckers his lips.
Prince Ribbit blinks!
Prince Ribbit blinks!
Prince Ribbit says, "You're just another fly to me."
Prince Ribbit misses you.
Prince Ribbit catches a moth with his tongue.
Prince Ribbit hits you!
* * * LOW HITPOINT WARNING * * *
All of the chunks of flesh in your inventory have rotted away.
Prince Ribbit croaks regally.
Prince Ribbit hits you.
You die...

.....'...gFg......####....#
.....#............#..+....#
gF...#............'..#....#
.....#.)..........####....####
#######'########....#######..##
.........'.....#....# #.....#
.........#.....#....# #.....#
.....##..#.....#....# #.....#
.....##..#.....#@...# #.....#
.....#########'#F...# ###'###
.....#............########....#
.....#............#......#....#
.....#............#......#....#
##'###............#.###..#....#
..........###'#####.###..##'###
..........#...).....'.....^...#
..........#.........#.........#


You could see Prince Ribbit.

Vanquished Creatures
  Sigmund (D:3)
  A phantom (D:5)
  2 ogres (D:5)
  A scorpion (D:4)
  A howler monkey (D:4)
  Crazy Yiuf (D:4)
  Ijyb (D:3)
  Terence (D:2)
  An iguana (D:4)
  5 worker ants
  A hound zombie (D:5)
  A worker ant zombie (D:5)
  A gnoll (D:5)
  10 adders
  2 oozes (D:1)
  An adder skeleton (D:4)
  3 worms
  4 dart slugs (D:1)
  2 leopard geckos
  11 orcs
  6 giant cockroaches
  8 goblins
  9 hobgoblins
  4 jackals (D:1)
  6 kobolds
  3 quokkas
  6 bats
  7 frilled lizards
  7 rats
107 creatures vanquished.

Notes
Turn   | Place    | Note
-------+----------+-------------------------------------------
     0 | D:1      | Scud the Vine Stalker Conjurer began the quest for the Orb.
     0 | D:1      | Reached XP level 1. HP: 9/9 MP: 4/4
   204 | D:1      | Reached XP level 2. HP: 5/13 MP: 3/6
   384 | D:1      | Learned a level 2 spell: Searing Ray
   722 | D:1      | Reached XP level 3. HP: 5/16 MP: 3/7
  1727 | D:2      | Found a hide-covered altar of Uskayaw.
  1727 | D:2      | Noticed Terence
  1731 | D:2      | Gained mutation: Your natural rate of healing is unusually
                  | fast. [Vine Stalker growth]
  1731 | D:2      | Reached XP level 4. HP: 21/21 MP: 6/8
  1755 | D:2      | Killed Terence
  1810 | D:2      | Found a sparkling altar of Nemelex Xobeh.
  1815 | D:2      | Found a shattered altar of Ashenzari.
  1833 | D:2      | Reached skill level 5 in Conjurations
  2328 | D:2      | Reached skill level 1 in Short Blades
  2328 | D:2      | Reached XP level 5. HP: 21/25 MP: 7/9
  2995 | D:3      | Reached skill level 1 in Fighting
  3045 | D:3      | Noticed Ijyb
  3057 | D:3      | Paralysed by Ijyb for 2 turns
  3069 | D:3      | Paralysed by Ijyb for 6 turns
  3084 | D:3      | Killed Ijyb
  3198 | D:3      | Found an ornate altar of the Wu Jian Council.
  3271 | D:3      | Noticed Sigmund
  3285 | D:3      | Killed Sigmund
  3285 | D:3      | Reached XP level 6. HP: 5/30 MP: 0/10
  3757 | D:4      | Reached XP level 7. HP: 35/35 MP: 9/11
  3859 | D:4      | Found a staircase to the Ecumenical Temple.
  3895 | Temple   | Entered the Ecumenical Temple
  3945 | Temple   | Became a worshipper of Vehumet
  4209 | D:4      | Found Plog's Antique Weapon Shoppe.
  4254 | D:4      | Found a bloodstained altar of Trog.
  4259 | D:4      | Found Yckonoc's Assorted Antiques.
  4390 | D:4      | Found a runed translucent door.
  4391 | D:4      | Noticed Crazy Yiuf
  4621 | D:4      | Killed Crazy Yiuf
  4720 | D:5      | Entered Level 5 of the Dungeon
  5079 | D:5      | Gained mutation: You have razor-sharp teeth. [Vine Stalker
                  | growth]
  5079 | D:5      | Reached XP level 8. HP: 39/39 MP: 14/14
  5409 | D:5      | Found a shadowy altar of Dithmenos.
  5419 | D:5      | Noticed Prince Ribbit
  5507 | D:5      | HP: 1/39 [Prince Ribbit (13)]
  5509 | D:5      | Slain by Prince Ribbit

Skill      XL: |  1  2  3  4  5  6  7 |
---------------+----------------------+-----
Dodging        | 2 3 |  3.9
Conjurations   | 5 |  5.8
Short Blades   | 1 2 3 |  3.1
Stealth        | 3 4 |  4.5
Fighting       | 1 2 |  2.7
Spellcasting   | 3 |  3.8
Unarmed Combat | |  0.4

Action                   |  1- 3 |  4- 6 |  7- 9 || total
-------------------------+-------+-------+-------++-------
Melee: Unarmed           |    28 |       |       ||    28
       Bite              |    21 |    41 |    35 ||    97
       Dagger            |    64 |   213 |    95 ||   372
 Cast: Magic Dart        |    13 |     9 |    67 ||    89
       Searing Ray       |     3 |     5 |     3 ||    11
  Use: Scroll            |     4 |     3 |     1 ||     8
       Potion            |       |     5 |       ||     5
 Stab: Sleeping          |     1 |     5 |     1 ||     7
  Eat: Ration            |     2 |       |     1 ||     3
       Chunk             |     1 |     7 |     3 ||    11
Armor: Robe              |    13 |    52 |     6 ||    71
Dodge: Dodged            |    56 |   168 |    64 ||   288
